 Dungeon Crawl Stone Soup version 0.31-a0-167-g1c394c0614 (webtiles) character file.

Game seed: 2801881199736983051

406 mandarbmax the Shooter (level 6, -3/48 HPs)
             Began as a Draconian Hunter on June 14, 2023.
             Slain by a yak (14 damage)
             ... on level 5 of the Dungeon.
             The game lasted 00:06:12 (4239 turns).

mandarbmax the Shooter (Draconian Hunter)           Turns: 4239, Time: 00:06:13

Health: -3/48      AC:  7    Str: 13    XL:     6   Next: 56%
Magic:  6/6        EV: 12    Int: 10    God:
Gold:   10         SH:  5    Dex: 16    Spells: 2/5 levels left

rFire   . . .        a - +0 shortbow
rCold   . . .        (shield currently unavailable)
rNeg    . . .        (body armour unavailable)
rPois   .            (helmet restricted)
rElec   .            (no cloak)
rCorr   .            p - +0 pair of gloves
SInv    .            (no boots)
Will    .....        d - amulet of reflection
Stlth   ++           (no ring)
HPRegen 0.28/turn    (no ring)
MPRegen 0.10/turn

%: reflection
@: about to teleport
A: AC +6, unfitting armour, cold-blooded
a: no special abilities


You were on level 5 of the Dungeon.
You visited 1 branch of the dungeon, and saw 5 of its levels.

You collected 184 gold pieces.
You spent 174 gold pieces at shops.

Inventory:

Hand Weapons
 a - a +0 shortbow (weapon)
Armour
 p - a +0 pair of gloves (worn)
Jewellery
 d - an amulet of reflection (around neck)
Wands
 i - a wand of polymorph (3)
Scrolls
 b - a scroll of butterflies
 c - a scroll of amnesia
 j - 2 scrolls of poison
 q - a scroll of fear {unknown}
 u - a scroll of torment {unknown}
Potions
 e - 2 potions of brilliance {unknown}
 f - a potion of lignification
 g - a potion of enlightenment
 k - 2 potions of magic {unknown}
 l - a potion of haste
 m - a potion of berserk rage
 n - a potion of mutation {unknown}
 o - a potion of resistance {unknown}
 r - 2 potions of attraction {unknown}
 s - a potion of curing
 t - a potion of ambrosia


   Skills:
 - Level 2.1 Fighting
 + Level 7.2 Ranged Weapons
 - Level 2.0 Dodging
 - Level 0.8 Stealth


You had 2 spell levels left.
You knew the following spells:

 Your Spells              Type           Power      Damage    Failure   Level
a - Swiftness             Air            0%         N/A       75%         3

Your spell library contained the following spells:

 Spells                   Type           Power      Damage    Failure   Level
 Ensorcelled Hibernation  Hex/Ice        0%         N/A       50%         2
 Passwall                 Tmut/Erth      0%         N/A       50%         2
 Ozocubu's Armour         Ice            0%         N/A       75%         3
 Metabolic Englaciation   Hex/Ice        0%         N/A       100%        5
 Simulacrum               Ice/Necr       0%         N/A       100%        6


Dungeon Overview and Level Annotations

Branches:
Dungeon (5/15)
 Temple: D:4-7

Altars:
Ashenzari
Fedhas
Gozag
Trog

Shops:
D:4 !   D:5 !

Annotations:
D:3 1 runed translucent door, Crazy Yiuf
D:4 2 transporters, 1 runed translucent door, jlumianski's ghost, novice DjFE


Innate Abilities, Weirdness & Mutations

Your plain brown scales are hard. (AC +6)
You cannot fit into any form of body armour.
You are cold-blooded and may be slowed by cold attacks.


Message History

You shoot an arrow.
The arrow hits the yak but does no damage.
The yak is lightly wounded.
You block the yak's attack.
You shoot an arrow. The arrow hits the yak!
The yak is moderately wounded.
You block the yak's attack.
You shoot an arrow.
The arrow hits the yak but does no damage.
The yak is moderately wounded.
You block the yak's attack.
You shoot an arrow. The arrow barely misses the yak.
The yak gores you!
You shoot an arrow.
The arrow hits the yak but does no damage.
The yak is moderately wounded.
The yak closely misses you.
You shoot an arrow. The arrow closely misses the yak.
The yak barely misses you.
You shoot an arrow. The arrow barely misses the yak.
You block the yak's attack.
You shoot an arrow. The arrow hits the yak.
The yak is moderately wounded.
The yak barely misses you.
You shoot an arrow. The arrow hits the yak.
The yak is heavily wounded.
The yak gores you!
You shoot an arrow. The arrow closely misses the yak.
The yak completely misses you.
You shoot an arrow.
The arrow hits the yak but does no damage.
The yak is heavily wounded.
The yak gores you!
You are too injured to fight recklessly!
You are too injured to fight recklessly!
You are too injured to fight recklessly!
As you read the scroll of teleportation, it crumbles to dust.
You feel strangely unstable. The yak gores you!
* * * LOW HITPOINT WARNING * * *
The yak attacks as you move away! The yak gores you!
You die...

# #..# #### .
#..# # #######..#
#........#
#.######.###
#.#.## #..#.# #.#
###.# #.# #@# #.#
#Y# #.# #.# ##.#
#.# ##.# #.#
##.####.# #.#
.Y......# #.#
##.###### #.#
#.#############.#


You could see a yak.

Vanquished Creatures
  3 hounds
  A jelly (D:5)
  An orc priest (D:4)
  Jessica (D:2)
  Terence (D:3)
  5 gnolls
  5 adders
  A worm (D:3)
  2 dart slugs (D:1)
  10 orcs
  12 endoplasms
  5 giant cockroaches
  4 goblins
  9 hobgoblins
  5 jackals
  7 kobolds
  6 quokkas
  8 ball pythons
  5 bats
  2 frilled lizards
  10 rats
103 creatures vanquished.

Notes
Turn   | Place    | Note
-------+----------+-------------------------------------------
     0 | D:1      | mandarbmax the Draconian Hunter began the quest for the
                  | Orb.
     0 | D:1      | Reached XP level 1. HP: 17/17 MP: 1/1
    41 | D:1      | Reached skill level 4 in Ranged Weapons
    41 | D:1      | Reached XP level 2. HP: 24/24 MP: 2/2
   494 | D:1      | Reached XP level 3. HP: 28/29 MP: 3/3
  1320 | D:2      | Reached skill level 5 in Ranged Weapons
  1351 | D:2      | Reached XP level 4. HP: 32/36 MP: 4/4
  1505 | D:2      | Noticed Jessica
  1515 | D:2      | Killed Jessica
  2249 | D:3      | Found an opulent altar of Gozag.
  2254 | D:3      | Reached XP level 5. HP: 41/41 MP: 5/5
  2520 | D:3      | Reached skill level 6 in Ranged Weapons
  2645 | D:3      | Found a runed translucent door.
  2646 | D:3      | Noticed Crazy Yiuf
  2733 | D:3      | Noticed Terence
  2756 | D:3      | Killed Terence
  3101 | D:4      | Found a bloodstained altar of Trog.
  3165 | D:4      | Found a transporter.
  3172 | D:4      | Found a transporter.
  3309 | D:4      | Found Nudd's Distillery.
  3321 | D:4      | Bought a potion of heal wounds for 70 gold pieces
  3484 | D:4      | Reached XP level 6. HP: 41/48 MP: 6/6
  3516 | D:4      | Identified the staff of cold "Gaotit" {rC+ rN+}
  3795 | D:4      | Found a runed translucent door.
  3799 | D:4      | Noticed jlumianski's ghost (novice DjFE)
  3868 | D:4      | Reached skill level 7 in Ranged Weapons
  3940 | D:4      | Learned a level 3 spell: Swiftness
  4014 | D:5      | Entered Level 5 of the Dungeon
  4096 | D:5      | Found Acuosi Ruch's Distillery.
  4104 | D:5      | Bought a potion of ambrosia for 104 gold pieces
  4152 | D:5      | Found a blossoming altar of Fedhas.
  4152 | D:5      | Found a broken altar of Ashenzari.
  4171 | D:5      | Noticed a yak
  4172 | D:5      | Noticed a yak
  4172 | D:5      | Noticed a yak
  4172 | D:5      | Noticed a yak
  4239 | D:5      | Slain by a yak

Illustrated notes

Levels and vault maps discovered:
D:1:      matt_arrival_los_fun, layout_rooms, serial_co_window_serial,
          co_window_of_opportunity_a, co_window_of_opportunity_a,
          co_window_paths_b, co_window_paths_a, co_window_paths_a,
          co_window_of_opportunity_a, co_window_cross_1, co_window_broadway_b,
          co_window_unsneaky_path_c, co_window_2corner, co_window_2corner,
          co_window_corner_ca, co_window_2corner, co_window_corner_b
D:2:      wad_crossroads, layout_basic, uniq_jessica
D:3:      minmay_evil_eye, layout_basic, grunt_gozag_breadcrumbs,
          nicolae_figureground_sparkle, uniq_crazy_yiuf_cottage, uniq_terence
D:4:      layout_basic, gammafunk_temple_overflow_arena, serial_shops, shop,
          ebering_ghost_sewer_d, minmay_fractal_squares_gapless_5
D:5:      cheibrodos_helix_gallery, layout_loops_ring,
          gammafunk_temple_overflow_wave, serial_shops, shop, shop,
          shop_fountains, nicolae_elevator_lobby_plus

Skill      XL: |  1  2  3  4  5  6 |
---------------+-------------------+-----
Ranged Weapons | 4 5 6 7 |  7.2
Dodging        | 2 |  2.0
Fighting       | |  2.1
Stealth        | |  0.8

Action                     |  1- 3 |  4- 6 || total
---------------------------+-------+-------++-------
   Fire: Shortbow          |   110 |   266 ||   376
    Use: Scroll            |       |     7 ||     7
         Potion            |       |     1 ||     1
 Armour: Skin              |    18 |    42 ||    60
  Dodge: Dodged            |    25 |    83 ||   108
  Block: Other             |     4 |    46 ||    50
         Reflection        |       |     1 ||     1

Table legend: (Time is in decaauts)
 A = Elapsed time spent in this place.
 B = Non-inter-level travel time spent in this place.
 C = Inter-level travel time spent in this place.
 D = Time resting spent in this place.
 E = Time spent auto-exploring this place.
 F = Levels seen in this place.
 G = Mean time per level.
                   A        B        C        D        E       F      G
               +--------+--------+--------+--------+--------+-----+--------+
         Total |   4285 |   4210 |     75 |      4 |   3445 |   5 |  857.0 |
       Dungeon |   4285 |   4210 |     75 |      4 |   3445 |   5 |  857.0 |
               +--------+--------+--------+--------+--------+-----+--------+

Top non-repeatable levels by time:
     D:2: 1088 daAuts
     D:3: 1075 daAuts
     D:1: 973 daAuts
     D:4: 921 daAuts
     D:5: 226 daAuts
